Workbook
Name Данные: [1]Тестовый!$F$10:$H$14

Sheet ЛСР
K1: Приложение №
K2: к Договору подряда №
B4: ПОДРЯДЧИК: | E4: ЗАКАЗЧИК: | J4: ТЕХНИЧЕСКИЙ ЗАКАЗЧИК:
E5: ООО "ЭНКО СТРОЙ" | J5: ООО "Технический заказчик "ЭНКО"
B7: _________________/ | E7: ___________/С.И. Ярков | J7: ___________/С.И. Ярков
D8: Локальный сметный расчет №
D9: Устройство системы телефонии ГП-215.
A11: № | B11: Наименование | C11: Марка | D11: Характеристика | E11: Ед. изм. | F11: ГП-215.1 | G11: Кол-во | H11: Цена | I11: Сумма | J11: Примечание | K11: Форма закупа материала
A12: 11 | B12: Внутренние инженерные сети
A13: 11.12. | B13: Устройство телефонии
A14: 11.12.01 | B14: Прокладка кабеля, трубы
A15: 11.12.01.00 | B15: Прокладка кабеля, трубы | I15: =I16+I18 -> 0
B16: Работа: | I16: =SUM(I17:I17) -> 0
B17: Прокладка трубы | E17: м | F17: =SUM(F23:F25) -> 1792 | G17: =SUM(F17:F17) -> 1792 | H17: =VLOOKUP(B17,СМР!$B$3:$F$3,5,0) -> 0 | I17: =H17*G17 -> 0
B18: Материалы: | I18: =SUM(I19:I26) -> 0
B19: Проволочный лоток | C19: АО "ДКС" | D19: 50х150 L3000, FC5015 | E19: м | F19: 60 | G19: =SUM(F19:F19) -> 60 | H19: =VLOOKUP($B19,ТМЦ!$B$3:$J$14,6,0) -> 0 | I19: =H19*G19 -> 0 | K19: =VLOOKUP($B19,ТМЦ!$B$3:$J$14,9,0) -> 0
B20: С-образный профиль 41х21, L350, толщ.2,0 мм, DKC | C20: АО "ДКС" | D20: INOX 304 IBPV21035C | E20: м | F20: 21 | G20: =SUM(F20:F20) -> 21 | H20: =VLOOKUP($B20,ТМЦ!$B$3:$J$14,6,0) -> 0 | I20: =H20*G20 -> 0 | K20: =VLOOKUP($B20,ТМЦ!$B$3:$J$14,9,0) -> 0
B21: Стандартный анкер со шпилькой М6 | C21: АО "ДКС" | D21: СМ440645 | E21: шт | F21: 120 | G21: =SUM(F21:F21) -> 120 | H21: =VLOOKUP($B21,ТМЦ!$B$3:$J$14,6,0) -> 0 | I21: =H21*G21 -> 0 | K21: =VLOOKUP($B21,ТМЦ!$B$3:$J$14,9,0) -> 0
B22: Крепежный комплект №1 для монтажа проволочного лотка | C22: АО "ДКС" | D22: CM350001 | E22: шт | F22: 120 | G22: =SUM(F22:F22) -> 120 | H22: =VLOOKUP($B22,ТМЦ!$B$3:$J$14,6,0) -> 0 | I22: =H22*G22 -> 0 | K22: =VLOOKUP($B22,ТМЦ!$B$3:$J$14,9,0) -> 0
B23: Труба тип 1 | D23: ПЭ 20х2,0 PN12 | E23: м | F23: 1660 | G23: =SUM(F23:F23) -> 1660 | H23: =VLOOKUP($B23,ТМЦ!$B$3:$J$14,6,0) -> 0 | I23: =H23*G23 -> 0 | K23: =VLOOKUP($B23,ТМЦ!$B$3:$J$14,9,0) -> 0
B24: Труба тип 2 | D24: гладкая ПВХ диаметром 50мм | E24: м | F24: 120 | G24: =SUM(F24:F24) -> 120 | H24: =VLOOKUP($B24,ТМЦ!$B$3:$J$14,6,0) -> 0 | I24: =H24*G24 -> 0 | K24: =VLOOKUP($B24,ТМЦ!$B$3:$J$14,9,0) -> 0
B25: Труба тип 3 | D25: Труба электросварная 76х3,5 | E25: м | F25: 12 | G25: =SUM(F25:F25) -> 12 | H25: =VLOOKUP($B25,ТМЦ!$B$3:$J$14,6,0) -> 0 | I25: =H25*G25 -> 0 | K25: =VLOOKUP($B25,ТМЦ!$B$3:$J$14,9,0) -> 0
B26: Прочие материалы (Хомут трубный 1.1/2" 47-51 с резинкой, дюбелем, винтом М8, Монтажная пена Технониколь 240 PROFESSIONAL, огнестойкая, TN528380, Огнезащитный силиконовый герметик Огнетитан SN однокомпонентный, серый 310 мл ТУ 2513-004-03495485-2016 БП-00000536, Монтажная лента текстильная под пистолет, Гвозди по бетону усиленные Toua 3.05x19 мм, под пистолет. (1000шт. в пч.)) | E26: % | G26: =I26/I16 -> #DIV/0! | I26: =SUM(I27:I31) -> 0
B27: Хомут трубный 1.1/2" 47-51 с резинкой, дюбелем, винтом М8 | E27: шт. | F27: =(F24/3)*2 -> 80 | G27: =SUM(F27:F27) -> 80 | H27: =VLOOKUP($B27,ТМЦ!$B$3:$J$14,6,0) -> 0 | I27: =H27*G27 -> 0 | K27: =VLOOKUP($B27,ТМЦ!$B$3:$J$14,9,0) -> 0
B28: Монтажная пена Технониколь 240 PROFESSIONAL, огнестойкая, TN528380 | E28: шт. | F28: =(F24/3)*0.1 -> 4 | G28: =SUM(F28:F28) -> 4 | H28: =VLOOKUP($B28,ТМЦ!$B$3:$J$14,6,0) -> 0 | I28: =H28*G28 -> 0 | K28: =VLOOKUP($B28,ТМЦ!$B$3:$J$14,9,0) -> 0
B29: Огнезащитный силиконовый герметик Огнетитан SN однокомпонентный, серый 310 мл ТУ 2513-004-03495485-2016 БП-00000536 | E29: шт. | F29: =(F24/3)*0.1 -> 4 | G29: =SUM(F29:F29) -> 4 | H29: =VLOOKUP($B29,ТМЦ!$B$3:$J$14,6,0) -> 0 | I29: =H29*G29 -> 0 | K29: =VLOOKUP($B29,ТМЦ!$B$3:$J$14,9,0) -> 0
B30: Монтажная лента текстильная под пистолет | E30: м. | F30: =F23*0.25 -> 415 | G30: =SUM(F30:F30) -> 415 | H30: =VLOOKUP($B30,ТМЦ!$B$3:$J$14,6,0) -> 0 | I30: =H30*G30 -> 0 | K30: =VLOOKUP($B30,ТМЦ!$B$3:$J$14,9,0) -> 0
B31: Гвозди по бетону усиленные Toua 3.05x19 мм, под пистолет. (1000шт. в пч.) | E31: шт. | F31: =5*F23 -> 8300 | G31: =SUM(F31:F31) -> 8300 | H31: =VLOOKUP($B31,ТМЦ!$B$3:$J$14,6,0) -> 0 | I31: =H31*G31 -> 0 | K31: =VLOOKUP($B31,ТМЦ!$B$3:$J$14,9,0) -> 0
H32: Итого по ЛСР, в т.ч. НДС: | I32: =I15 -> 0
H33: в тч стоимость работ: | I33: =I16 -> 0
H34: в тч стоимость материалов: | I34: =I18 -> 0
H35: в тч НДС 22%: | I35: =I32*22/122 -> 0
B38: Примечание:
A39: - | B39: В случае, если один из перечисленных прочих материалов не был использован по факту при производстве работ, заказчик вправе откорректировать процент расходных материалов в актах выполненных работ (формы КС-2, КС-3), уменьшив на сумму исключенного материала.
A40: - | B40: Стоимость СМР учитывает - затраты на все второстепенные материалы и работы необходимые для осуществления полного комплекса работ, включая затраты: обеспечение технической водой для производства работ и бытовых целей; на мобилизацию, аренду и эксплуатацию всех необходимых механизмов, оборудования и инструментов, бытовых помещений и биотуалетов; на подъем материалов и разноску по этажам к местам производства работ; выполнение сопутствующих работ; вывоз мусора; накладные расходы, прибыль организации, налоги и иные издержки Подрядчика. Обеспечение безопасного производства работ на участке.
A41: - | B41: Стоимость материалов учитывает стоимость доставки.

Sheet СМР
A1: Ведомость объемов работ
A2: № п/п | B2: Наименование | C2: Характеристика | D2: Ед. изм. | E2: Кол-во | F2: Цена | G2: Сумма | H2: Примечание
A3: =ROW()-2 -> 1 | B3: Прокладка трубы | D3: м | E3: =SUMIF(ЛСР!$B$12:$B$31,B3,ЛСР!$G$12:$G$31) -> 1792 | G3: =F3*E3 -> 0
F4: ИТОГО: | G4: =SUM(G3:G3) -> 0
F5: проверка: | G5: =G4-ЛСР!I33 -> 0
B7: Примечание:
A8: - | B8: В случае, если один из перечисленных прочих материалов не был использован по факту при производстве работ, заказчик вправе откорректировать процент расходных материалов в актах выполненных работ (формы КС-2, КС-3), уменьшив на сумму исключенного материала.
A9: - | B9: Стоимость СМР учитывает - затраты на все второстепенные материалы и работы необходимые для осуществления полного комплекса работ, включая затраты: обеспечение технической водой для производства работ и бытовых целей; на мобилизацию, аренду и эксплуатацию всех необходимых механизмов, оборудования и инструментов, бытовых помещений и биотуалетов; на подъем материалов и разноску по этажам к местам производства работ; выполнение сопутствующих работ; вывоз мусора; накладные расходы, прибыль организации, налоги и иные издержки Подрядчика. Обеспечение безопасного производства работ на участке.
A10: - | B10: Стоимость материалов учитывает стоимость доставки.

Sheet ТМЦ
A1: Спецификация материалов
A2: № п/п | B2: Наименование | C2: Марка | D2: Характеристика | E2: Ед. изм. | F2: Кол-во | G2: Цена | H2: Сумма | I2: Примечание | J2: Форма закупа материала
A3: =ROW()-2 -> 1 | B3: Проволочный лоток | C3: АО "ДКС" | D3: 50х150 L3000, FC5015 | E3: м | F3: =SUMIF(ЛСР!$B$12:$B$31,B3,ЛСР!$G$12:$G$31) -> 60 | H3: =G3*F3 -> 0 | I3: =VLOOKUP(B3,[2]ЛСР!$B$13:$K$34,10,0) -> 0
A4: =ROW()-2 -> 2 | B4: С-образный профиль 41х21, L350, толщ.2,0 мм, DKC | C4: АО "ДКС" | D4: INOX 304 IBPV21035C | E4: м | F4: =SUMIF(ЛСР!$B$12:$B$31,B4,ЛСР!$G$12:$G$31) -> 21 | H4: =G4*F4 -> 0 | I4: =VLOOKUP(B4,[2]ЛСР!$B$13:$K$34,10,0) -> 0
A5: =ROW()-2 -> 3 | B5: Стандартный анкер со шпилькой М6 | C5: АО "ДКС" | D5: СМ440645 | E5: шт | F5: =SUMIF(ЛСР!$B$12:$B$31,B5,ЛСР!$G$12:$G$31) -> 120 | H5: =G5*F5 -> 0 | I5: =VLOOKUP(B5,ЛСР!$B$12:$J$31,9,0) -> 0
A6: =ROW()-2 -> 4 | B6: Крепежный комплект №1 для монтажа проволочного лотка | C6: АО "ДКС" | D6: CM350001 | E6: шт | F6: =SUMIF(ЛСР!$B$12:$B$31,B6,ЛСР!$G$12:$G$31) -> 120 | H6: =G6*F6 -> 0 | I6: =VLOOKUP(B6,ЛСР!$B$12:$J$31,9,0) -> 0
A7: =ROW()-2 -> 5 | B7: Труба тип 1 | D7: ПЭ 20х2,0 PN12 | E7: м | F7: =SUMIF(ЛСР!$B$12:$B$31,B7,ЛСР!$G$12:$G$31) -> 1660 | H7: =G7*F7 -> 0 | I7: =VLOOKUP(B7,ЛСР!$B$12:$J$31,9,0) -> 0
A8: =ROW()-2 -> 6 | B8: Труба тип 2 | D8: гладкая ПВХ диаметром 50мм | E8: м | F8: =SUMIF(ЛСР!$B$12:$B$31,B8,ЛСР!$G$12:$G$31) -> 120 | H8: =G8*F8 -> 0 | I8: =VLOOKUP(B8,ЛСР!$B$12:$J$31,9,0) -> 0
A9: =ROW()-2 -> 7 | B9: Труба тип 3 | D9: Труба электросварная 76х3,5 | E9: м | F9: =SUMIF(ЛСР!$B$12:$B$31,B9,ЛСР!$G$12:$G$31) -> 12 | H9: =G9*F9 -> 0 | I9: =VLOOKUP(B9,ЛСР!$B$12:$J$31,9,0) -> 0
A10: =ROW()-2 -> 8 | B10: Хомут трубный 1.1/2" 47-51 с резинкой, дюбелем, винтом М8 | E10: шт. | F10: =SUMIF(ЛСР!$B$12:$B$31,B10,ЛСР!$G$12:$G$31) -> 80 | H10: =G10*F10 -> 0 | I10: =VLOOKUP(B10,ЛСР!$B$12:$J$31,9,0) -> 0
A11: =ROW()-2 -> 9 | B11: Монтажная пена Технониколь 240 PROFESSIONAL, огнестойкая, TN528380 | E11: шт. | F11: =SUMIF(ЛСР!$B$12:$B$31,B11,ЛСР!$G$12:$G$31) -> 4 | H11: =G11*F11 -> 0 | I11: =VLOOKUP(B11,ЛСР!$B$12:$J$31,9,0) -> 0
A12: =ROW()-2 -> 10 | B12: Огнезащитный силиконовый герметик Огнетитан SN однокомпонентный, серый 310 мл ТУ 2513-004-03495485-2016 БП-00000536 | E12: шт. | F12: =SUMIF(ЛСР!$B$12:$B$31,B12,ЛСР!$G$12:$G$31) -> 4 | H12: =G12*F12 -> 0 | I12: =VLOOKUP(B12,ЛСР!$B$12:$J$31,9,0) -> 0
A13: =ROW()-2 -> 11 | B13: Монтажная лента текстильная под пистолет | E13: м. | F13: =SUMIF(ЛСР!$B$12:$B$31,B13,ЛСР!$G$12:$G$31) -> 415 | H13: =G13*F13 -> 0 | I13: =VLOOKUP(B13,ЛСР!$B$12:$J$31,9,0) -> 0
A14: =ROW()-2 -> 12 | B14: Гвозди по бетону усиленные Toua 3.05x19 мм, под пистолет. (1000шт. в пч.) | E14: шт. | F14: =SUMIF(ЛСР!$B$12:$B$31,B14,ЛСР!$G$12:$G$31) -> 8300 | H14: =G14*F14 -> 0 | I14: =VLOOKUP(B14,ЛСР!$B$12:$J$31,9,0) -> 0
G15: ИТОГО: | H15: =SUM(H3:H14) -> 0
G16: проверка: | H16: =H15-ЛСР!I34 -> 0
B18: Примечание:
A19: - | B19: В случае, если один из перечисленных прочих материалов не был использован по факту при производстве работ, заказчик вправе откорректировать процент расходных материалов в актах выполненных работ (формы КС-2, КС-3), уменьшив на сумму исключенного материала.
A20: - | B20: Стоимость СМР учитывает - затраты на все второстепенные материалы и работы необходимые для осуществления полного комплекса работ, включая затраты: обеспечение технической водой для производства работ и бытовых целей; на мобилизацию, аренду и эксплуатацию всех необходимых механизмов, оборудования и инструментов, бытовых помещений и биотуалетов; на подъем материалов и разноску по этажам к местам производства работ; выполнение сопутствующих работ; вывоз мусора; накладные расходы, прибыль организации, налоги и иные издержки Подрядчика. Обеспечение безопасного производства работ на участке.
A21: - | B21: Стоимость материалов учитывает стоимость доставки.
